 Dungeon Crawl Stone Soup version 0.18-a0-1126-ga2d7f46 (webtiles) character file.

42 st0uf the Insei (level 3, -7/28 HPs)
             Began as a Draconian Transmuter on Jan 21, 2016.
             Mangled by a wyvern (16 damage)
             ... on level 3 of the Dungeon.
             The game lasted 00:04:13 (500 turns).

st0uf the Insei (Draconian Transmuter)               Turns: 500, Time: 00:04:13

Health: -7/28      AC:  5    Str: 12    XL:     3   Next: 33%
Magic:  5/6        EV: 12    Int: 13    God:
Gold:   21         SH:  2    Dex: 12    Spells: 1 memorised, 5 levels left

rFire  . . .     SeeInvis .       - Unarmed
rCold  . . .     Gourm    .     (armour unavailable)
rNeg   . . .     Faith    .     (no shield)
rPois  .         Spirit   .     (helmet restricted)
rElec  .         Dismiss  .     (no cloak)
rCorr  .         Reflect  +     (no gloves)
SustAt .         Harm     .     (no boots)
MR     .....                    d - +2 amulet of reflection
Stlth  +.........               (no ring)
                                (no ring)

@: appendage, not resistant to hostile enchantments, very unstealthy
A: unfitting armour, horns 2, cold-blooded, AC +5
a: End Transformation


You were on level 3 of the Dungeon.
You were not hungry.
You had grown temporary horns.
You visited 1 branch of the dungeon, and saw 4 of its levels.

You collected 21 gold pieces.

Inventory:

Missiles
 a - 12 arrows
Jewellery
 d - a +2 amulet of reflection (around neck)
 o - an uncursed amulet of magic regeneration
Scrolls
 e - 2 scrolls of blinking {unknown}
 j - a scroll of recharging {unknown}
 k - a scroll of enchant armour {unknown}
 l - a scroll of random uselessness {unknown}
Potions
 g - 2 potions of cure mutation {unknown}
 h - 2 potions of curing {unknown}
 i - a potion of cancellation {unknown}
 m - a potion of heal wounds {unknown}
Books
 b - a book of Changes

   Spells                             Type                      Level
   a - Beastly Appendage              Transmutation                1
   b - Sticks to Snakes               Transmutation                2
   c - Spider Form                    Transmutation/Poison         3
   d - Ice Form                       Ice/Transmutation            4
   e - Blade Hands                    Transmutation                5
Comestibles
 c - a bread ration
 f - 2 chunks of flesh
 n - a beef jerky


   Skills:
 + Level 1.3 Fighting
 + Level 2.0 Dodging
 * Level 3.8 Unarmed Combat
 + Level 2.2 Spellcasting
 * Level 2.2 Transmutations


You had 5 spell levels left.
You knew the following spells:

 Your Spells              Type           Power        Failure   Level  Hunger
a - Beastly Appendage     Trmt           #.....       12%         1    ##.....


Dungeon Overview and Level Annotations

Branches:
Dungeon (4/15)
 Temple: D:4-7

Altars:
Nemelex Xobeh


Innate Abilities, Weirdness & Mutations

Your plain brown scales are hard (AC +5).
Your body does not fit into most forms of armour.
You are cold-blooded and may be slowed by cold attacks.
You have a pair of horns on your head.


Message History

You hit the wyvern but do no damage. The wyvern misses you.
The wyvern bites you but does no damage.
You barely miss the wyvern. Your headbutt misses the wyvern.
You tail-slap the wyvern.
The wyvern is lightly wounded.
The wyvern bites you but does no damage.
You hit the wyvern.
You tail-slap the wyvern, but do no damage.
The wyvern is lightly wounded.
The wyvern bites you but does no damage.
You closely miss the wyvern.
You tail-slap the wyvern, but do no damage.
The wyvern is lightly wounded.
The wyvern closely misses you. The wyvern bites you!
You closely miss the wyvern.
You headbutt the wyvern, but do no damage.
The wyvern is lightly wounded.
The wyvern bites you!
Ouch! That really hurt!
You die...

+......###<#
####.#..#####
#........#
####..##.# ##.#
.# #.##.# #..#.#
##########.#.####
........l@.>....#
.............##.#
...###.###.## #.#
#..# #.# ....#
#.# ##..# #!# #.#
#.# .# #.#


You could see a wyvern.

Vanquished Creatures
  2 adders (D:2)
  A worm (D:2)
  A giant gecko (D:1)
  2 bats (D:1)
  A goblin (D:1)
  6 hobgoblins
  2 kobolds (D:1)
  4 giant newts (D:2)
  A rat (D:1)
20 creatures vanquished.

Notes
Turn   | Place    | Note
--------------------------------------------------------------
     0 | D:1      | st0uf the Draconian Transmuter began the quest for the Orb.
     0 | D:1      | Reached XP level 1. HP: 16/16 MP: 3/3
   129 | D:1      | Reached XP level 2. HP: 20/23 MP: 3/5
   340 | D:2      | Found a sparkling altar of Nemelex Xobeh.
   344 | D:2      | Reached XP level 3. HP: 28/28 MP: 4/6
   491 | D:3      | Noticed a wyvern
   500 | D:3      | Mangled by a wyvern

Vault maps used:
D:1:      saegor_arrival_simple_e
D:2:      grunt_temple_overflow_order_and_chaos_1, old_standard_altar,
          grunt_temple_overflow_open, first_bread, uniq_sigmund
D:4:      serial_shops, nicolae_shop_crystal, serial_forest,
          infiniplex_forest_lined_1, infiniplex_forest_lined_2,
          infiniplex_forest_lined_corner, infiniplex_forest_zigzag_1,
          infiniplex_forest_clump_medium, infiniplex_forest_lined_2,
          infiniplex_forest_clump_tiny, gup_sewer_entry_pipe,
          guppyfry_early_lair_pool

Action                   || total
-------------------------++-------
Melee: Unarmed           ||    91
 Cast: Beastly Appendage ||    17
